 Dungeon Crawl Stone Soup version 0.32-a0-818-gb728d0252e (webtiles) character file.

Game seed: 1956005524074463143

15202 tilp the Jinx (level 11, -3/86 HPs)
             Began as a Vampire Enchanter on Mar 23, 2024.
             Was an Elder of Wu Jian.
             Slain by a killer bee (10 damage)
             ... on level 9 of the Dungeon.
             The game lasted 00:21:49 (12032 turns).

tilp the Jinx (Vampire Enchanter)                  Turns: 12032, Time: 00:21:49

Health: -3/86      AC: 10    Str:  7    XL:     11   Next: 98%
Magic:  0/19       EV: 17    Int: 23    God:    Wu Jian [****..]
Gold:   228        SH: 10    Dex: 14    Spells: 10/21 levels left

rFire   + . .        a - +2 dagger (venom)
rCold   . . .        O - +0 buckler
rNeg    . . .        z - +2 leather armour {rF+}
rPois   .            (no helmet)
rElec   .            x - +0 cloak
rCorr   .            H - +0 pair of gloves
SInv    +            P - +0 pair of boots {Fly}
Will    +....        D - amulet of reflection
Stlth   ++++         E - +1 ring of protection
HPRegen 0.54/turn    s - +5 ring of evasion
MPRegen 0.16/turn

%: reflection
@: flying, healing quickly
A: alive, fangs 3, see invisible, vampiric 2
a: Exsanguinate, Renounce Religion, Wall Jump, Serpent's Lash


You were on level 9 of the Dungeon.
You worshipped Wu Jian.
Wu Jian was greatly pleased with you.
You visited 1 branch of the dungeon, and saw 10 of its levels.

You collected 595 gold pieces.
You spent 367 gold pieces at shops.

Inventory:

Hand Weapons
 a - a +2 dagger of venom (weapon)
 b - a +1 falchion of freezing
 I - a +2 dagger of draining
 M - a +2 dagger
Missiles
 m - 62 poisoned darts
 q - 19 boomerangs (quivered)
 J - 2 curare-tipped darts
Armour
 d - an orb of guile
 x - a +0 cloak (worn)
 z - a +2 leather armour of fire resistance (worn)
 C - +0 steam dragon scales
 H - a +0 pair of gloves (worn)
 N - a +0 leather armour of poison resistance
 O - a +0 buckler (worn)
 P - a +0 pair of boots of flying (worn)
Jewellery
 g - a ring of resist corrosion
 s - a +5 ring of evasion (right hand)
 D - an amulet of reflection (around neck)
 E - a +1 ring of protection (left hand)
 G - a ring of wizardry
Wands
 r - a wand of charming (13)
 t - a wand of digging (13)
 u - a wand of iceblast (8)
 K - a wand of flame (9)
 L - a wand of polymorph (4)
Scrolls
 e - 2 scrolls of fog
 l - 3 scrolls of enchant weapon
 v - 2 scrolls of amnesia
 y - 4 scrolls of teleportation
 A - 2 scrolls of poison
 B - 2 scrolls of revelation
Potions
 c - 2 potions of invisibility
 f - a potion of magic
 h - 7 potions of curing
 i - a potion of attraction
 j - 8 potions of lignification
 k - a potion of ambrosia
 n - 4 potions of haste
 o - 2 potions of brilliance
 p - 5 potions of might
 w - 3 potions of heal wounds
 F - 2 potions of resistance {unknown}


   Skills:
 * Level 7.9 Fighting
 - Level 3.0(6.7) Short Blades
 * Level 8.7(8.9) Long Blades
 - Level 4.0 Armour
 - Level 6.0 Dodging
 + Level 10.6 Stealth
 - Level 4.0 Shields
 + Level 5.8 Spellcasting
 - Level 12.0 Hexes
 - Level 4.0 Evocations


You had 10 spell levels left.
You knew the following spells:

 Your Spells              Type           Power      Damage    Failure   Level
a - Ensorcelled Hibernat  Hex/Ice        68%        N/A       2%          2
b - Confusing Touch       Hex            58%        N/A       1%          3
c - Tukima's Dance        Hex            58%        N/A       1%          3
d - Dazzling Flash        Conj/Hex       68%        N/A       4%          3

Your spell library contained the following spells:

 Spells                   Type           Power      Damage    Failure   Level
 Necrotise                Necr           24%        1d5       21%         1
 Summon Mana Viper        Hex/Summ       34%        N/A       43%         5
 Passwall                 Erth           6%         N/A       52%         3
 Swiftness                Air            6%         N/A       52%         3
 Vampiric Draining        Necr           6%         2d6       52%         3
 Manifold Assault         Tloc           6%         N/A       89%         4
 Martyr's Knell           Necr/Summ      6%         N/A       89%         4
 Curse of Agony           Necr           6%         N/A       99%         5
 Summon Forest            Summ/Tloc      3%         N/A       99%         5
 Dispersal                Tloc           3%         N/A       100%        6
 Summon Cactus Giant      Summ           3%         N/A       100%        6
 Malign Gateway           Summ/Tloc      3%         N/A       100%        7
 Disjunction              Tloc           3%         N/A       100%        8
 Summon Horrible Things   Summ           3%         N/A       100%        8


Dungeon Overview and Level Annotations

Branches:
Dungeon (10/15)            Temple (0/1) D:5            Lair (0/5) D:8
    Orc (0/2) D:10

Altars:
Dithmenos
Hepliaklqana
Nemelex Xobeh
Okawaru
Qazlal
Ru
Sif Muna
Trog
Wu Jian

Shops:
D:1 (   D:6 *   D:7 =   D:10 [:

Annotations:
D:9 1 runed translucent door (flayed ghost, orange brain, phantom mirror)
D:10 2 runed translucent doors


Innate Abilities, Weirdness & Mutations

Your natural rate of healing is accelerated.
You have razor-sharp teeth.
You have supernaturally acute eyesight. (SInv)
You are afflicted with vampirism and can become a bat while bloodless.


Message History

You barely miss the killer bee. Your bite misses the killer bee.
The killer bee is severely wounded.
You block the killer bee's attack. The killer bee barely misses you.
You block the killer bee's attack. The killer bee completely misses you.
Unknown command.
You barely miss the killer bee.
The killer bee is almost dead.
The killer bee completely misses you. The killer bee barely misses you.
The killer bee stings you but does no damage.
The killer bee closely misses you. x2; You block the killer bee's attack.
Unknown command.
You hit the killer bee.
The killer bee is almost dead.
You kill the killer bee!
The Council accepts your kill.
The killer bee is no longer blind.
The killer bee stings you.
* * * LOW HITPOINT WARNING * * *
You are poisoned.
The killer bee poisons you! You block the killer bee's attack.
You feel better.
The killer bee stings you but does no damage.
You block the killer bee's attack. The killer bee stings you!
* * * LOW HITPOINT WARNING * * *
Unknown command.
Unknown command.
Unknown command.
Casting: Dazzling Flash (dangerous; 4% risk of failure)
Confirm with . or Enter, or press ? or * to list all spells.
Aiming: Ensorcelled Hibernation (safe; 2% risk of failure)
Press: ? - help, Shift-Dir - straight line, f - killer bee
Aim: a killer bee (chance to affect: 71%)
Okay, then.
Casting: Ensorcelled Hibernation (safe; 2% risk of failure)
Confirm with . or Enter, or press ? or * to list all spells.
Casting: Dazzling Flash (dangerous; 4% risk of failure)
Press: ? - help, Dir - look around, f - activate The killer bee is dazzled. x3; The killer bee stings you!
* * * LOW HITPOINT WARNING * * *
The killer bee stings you!
You die...

##[#.##.###..#..♣♣##..####..###
.#..#.............###.###.....#
##...###.##..########...#.≈§..###
####.).......# #..####...≈≈.....
)#.#.###'###.# ##...####....##..
..##.#.....#.######....#####....#
...#.#.###.#.......y.#.## ##..##
#.#[.#.#.#.#.####....#..####.....
#..#.#.#'#.#.#yy@.##..<.......##.
#.#).#.....#.#.#####..##..###....
#.##.#######...# ##.......##...
.........[...#.# #..####..#..♣
####.#.##......# #...####.#... #
#...##.###### #.#....###♣.. #
#.###...#...# ###.####...##..
####[# #.#..##.####...# ###.....
...#.# #...###.##...### ####..


You could see 3 killer bees.

Vanquished Creatures
  A death knight (D:9)
  2 boulder beetles (D:9)
  A centaur warrior (D:9)
  2 two-headed ogres (D:9)
  An ugly thing (D:9)
  A deep elf pyromancer (D:9)
  A manticore (D:9)
  An orange demon (D:9)
  2 kobold demonologists (D:9)
  Jeremiah (D:7)
  An ice devil (D:9)
  A queen bee (D:10)
  2 red devils (D:9)
  A troll (D:10)
  2 hellwings (D:9)
  Grinder (D:6)
  A hornet (D:7)
  4 wyverns (D:8)
  7 yaks
  3 steam dragons
  An acid dragon (D:9)
  7 water moccasins
  A swamp drake (D:10)
  A sky beast (D:8)
  A black bear (D:4)
  5 orc warriors
  2 ice beasts (D:7)
  5 centaurs
  2 ogres
  A phantom (D:6)
  7 kobold brigands
  2 scorpions
  5 bullfrogs
  A wight (D:7)
  26 killer bees
  8 orc priests
  A bombardier beetle (D:4)
  A hound (D:6)
  3 quasits (D:9)
  4 sleepcaps
  2 iguanas
  8 orc wizards
  8 adders
  4 gnolls (D:3)
  A shadow imp (D:4)
  2 white imps
  3 ufetubi
  A dart slug (D:2)
  36 orcs
  6 ball pythons
  5 bats
  4 endoplasms
  4 giant cockroaches
  10 goblins
  12 hobgoblins
  40 kobolds
  4 quokkas
  4 frilled lizards
  6 rats
280 creatures vanquished.

Vanquished Creatures (others)
  A dancing weapon (D:9)
1 creature vanquished.

Grand Total: 281 creatures vanquished

Notes
Turn   | Place    | Note
-------+----------+-------------------------------------------
     0 | D:1      | tilp the Vampire Enchanter began the quest for the Orb.
     0 | D:1      | Reached XP level 1. HP: 13/13 MP: 3/3
    25 | D:1      | Found Bynuse's Weapon Emporium.
   218 | D:1      | Reached XP level 2. HP: 20/20 MP: 5/5
   226 | D:1      | Learned a level 2 spell: Ensorcelled Hibernation
   964 | D:2      | Gained mutation: You are afflicted with vampirism and can
                  | become a bat while bloodless. [Vampire growth]
   964 | D:2      | Reached XP level 3. HP: 21/25 MP: 6/6
   968 | D:2      | Learned a level 3 spell: Confusing Touch
  1047 | D:2      | Reached skill level 1 in Fighting
  1243 | D:2      | Reached skill level 1 in Long Blades
  1536 | D:2      | Reached XP level 4. HP: 32/32 MP: 7/7
  2170 | D:3      | Found a shimmering blue altar of Sif Muna.
  2302 | D:3      | Reached skill level 5 in Hexes
  2554 | D:3      | Reached skill level 1 in Shields
  2683 | D:3      | You fall into a shaft and drop 3 floors!
  2704 | D:6      | Reached skill level 5 in Stealth
  2704 | D:6      | Reached skill level 1 in Evocations
  2704 | D:6      | Reached XP level 5. HP: 38/38 MP: 5/8
  2742 | D:6      | Noticed a water moccasin
  2750 | D:6      | Killed a water moccasin
  2751 | D:6      | Reached XP level 6. HP: 14/44 MP: 3/9
  2834 | D:5      | Entered Level 5 of the Dungeon
  2834 | D:5      | Noticed a water moccasin
  2871 | D:5      | Killed a water moccasin
  2872 | D:5      | Reached skill level 1 in Armour
  3000 | D:5      | Noticed a water moccasin
  3007 | D:5      | Killed a water moccasin
  3008 | D:5      | Reached skill level 6 in Hexes
  3008 | D:5      | Reached XP level 7. HP: 42/51 MP: 4/10
  3220 | D:3      | Learned a level 3 spell: Tukima's Dance
  3224 | D:3      | Learned a level 3 spell: Dazzling Flash
  3433 | D:4      | Found a shadowy altar of Dithmenos.
  4600 | D:5      | Found a hazy altar of Hepliaklqana.
  4600 | D:5      | Found an ornate altar of the Wu Jian Council.
  4607 | D:5      | Became a worshipper of the Wu Jian Council
  4635 | D:5      | Found an iron altar of Okawaru.
  4669 | D:5      | Reached XP level 8. HP: 58/58 MP: 9/12
  4693 | D:5      | Found a staircase to the Ecumenical Temple.
  5055 | D:6      | Found Agyesivu's Assorted Antiques.
  5063 | D:6      | Bought a runed leather armour for 115 gold pieces
  5273 | D:6      | Found a bloodstained altar of Trog.
  5532 | D:6      | Reached skill level 7 in Hexes
  5704 | D:6      | Noticed Grinder
  5712 | D:6      | Killed Grinder
  6009 | D:7      | Found a sparkling altar of Nemelex Xobeh.
  6160 | D:7      | Found Caletty's One-of-a-Kind Rings.
  6171 | D:7      | Bought a +1 ring of protection for 45 gold pieces
  6344 | D:7      | Reached XP level 9. HP: 61/65 MP: 2/14
  6372 | D:7      | Reached * piety under Wu Jian
  6373 | D:7      | Reached skill level 8 in Hexes
  6603 | D:7      | Found a sacrificial altar of Ru.
  6900 | D:7      | Reached skill level 5 in Long Blades
  7076 | D:7      | Noticed Jeremiah
  7080 | D:7      | Killed Jeremiah
  7391 | D:8      | Reached skill level 9 in Hexes
  7525 | D:8      | Reached skill level 5 in Fighting
  7529 | D:8      | Reached skill level 5 in Dodging
  7578 | D:8      | Found a stormy altar of Qazlal.
  7630 | D:8      | Reached ** piety under Wu Jian
  7631 | D:8      | Reached XP level 10. HP: 54/74 MP: 11/16
  7723 | D:8      | Found a staircase to the Lair.
  8351 | D:9      | Reached skill level 10 in Hexes
  8800 | D:9      | Noticed an orange demon
  8870 | D:9      | Killed an orange demon
  8964 | D:9      | Noticed a two-headed ogre
  8971 | D:9      | Killed a two-headed ogre
  9125 | D:9      | Reached XP level 11. HP: 81/81 MP: 15/18
  9251 | D:9      | Noticed a deep elf pyromancer
  9256 | D:9      | Killed a deep elf pyromancer
  9529 | D:9      | Reached skill level 11 in Hexes
  9751 | D:9      | Reached *** piety under Wu Jian
  9815 | D:9      | Noticed a boulder beetle
  9831 | D:9      | Reached skill level 5 in Spellcasting
  9911 | D:9      | Killed a boulder beetle
  9991 | D:9      | Noticed a red ugly thing
  9996 | D:9      | Killed a red ugly thing
 10113 | D:9      | Noticed a death knight
 10123 | D:9      | Noticed a two-headed ogre
 10125 | D:9      | Noticed a centaur warrior
 10135 | D:9      | Killed a death knight
 10368 | D:9      | Killed a two-headed ogre
 10369 | D:9      | Reached skill level 10 in Stealth
 10369 | D:9      | Reached skill level 12 in Hexes
 10429 | D:9      | Killed a centaur warrior
 10431 | D:9      | Noticed a boulder beetle
 10436 | D:9      | Killed a boulder beetle
 10553 | D:9      | Noticed a flayed ghost
 10553 | D:9      | Noticed a glowing orange brain
 10554 | D:9      | Found a runed translucent door.
 10556 | D:9      | Noticed a wolf spider
 11181 | D:10     | Entered Level 10 of the Dungeon
 11297 | D:10     | Found a large runed translucent door.
 11297 | D:10     | Found a large runed translucent door.
 11562 | D:10     | Found a staircase to the Orcish Mines.
 11678 | D:10     | Found Onuqil's Book Emporium.
 11700 | D:9      | Reached **** piety under Wu Jian
 11894 | D:10     | Found Adown's Armour Emporium.
 11929 | D:10     | Bought a +0 buckler for 58 gold pieces
 11929 | D:10     | Bought a +0 pair of boots of flying for 149 gold pieces
 12032 | D:9      | Slain by a killer bee

Illustrated notes

Levels and vault maps discovered:
D:1:      dpeg_arrival_long_road, layout_basic, serial_shops, shop
D:2:      wad_lake_hut, layout_basic, grunt_decor_one_mirror,
          serial_park_tiny_pond, grunt_decor_junction
D:3:      layout_loops_cross, mainiacjoe_overflow_six_doors_small,
          chequers_serial_rivers_micro_e
D:4:      kennysheep_kobold_camp, layout_loops_ring,
          mainiacjoe_overflow_boulevard, serial_library_regret_index_headful
D:5:      layout_cave_pools, lemuel_round_altar,
          chequers_temple_overflow_statue_of_worship, minmay_temple_entry_ruins
D:6:      layout_basic, trog_hazing_becter, serial_shops,
          nicolae_shop_tiny_statue_garden, lemuel_flamethrower_1, uniq_grinder
D:7:      layout_loops_ring, mainiacjoe_overflow_alcove_2,
          mainiacjoe_overflow_surrounded_room, nicolae_shop_unique_rings,
          grunt_tough_drop, uniq_jeremiah
D:8:      layout_cave_pools, nicolae_qazlal_general_emergency,
          minmay_lair_entry_grove
D:9:      minmay_gate_of_8, layout_rooms, mainiacjoe_overflow_catwalk,
          serial_demonic, serial_demonic_g, serial_demonic_a, serial_demonic_b,
          serial_demonic_c, serial_demonic_f, serial_demonic_c,
          minmay_shattered_shrine
D:10:     layout_cave_pools, vehumet_altar_wand_db, lemuel_crystal_altar,
          erik_orc_1, special_room [special_room_bee], serial_shops,
          shop_fountains, nicolae_shop_just_a_little_nook, nicolae_shop_trees,
          lightli_elemental_guards, uniq_nergalle

Skill      XL: |  1  2  3  4  5  6  7  8  9 10 11 |
---------------+----------------------------------+-----
Fighting       | 1 2 3 4 5 6 7 |  7.9
Long Blades    | 1 2 3 4 5 6 8 |  8.7
Hexes          | 5 6 7 9 10 12 | 12.0
Shields        | 1 2 3 4 |  4.0
Stealth        | 5 6 7 9 10 | 10.6
Evocations     | 1 2 3 4 |  4.0
Short Blades   | 2 3 |  3.0
Armour         | 1 2 3 4 |  4.0
Dodging        | 3 4 5 6 |  6.0
Spellcasting   | 3 4 5 |  5.8

Action                     |  1- 3 |  4- 6 |  7- 9 | 10-12 || total
---------------------------+-------+-------+-------+-------++-------
  Melee: Dagger            |    90 |    64 |   336 |   246 ||   736
         Bite              |     7 |     7 |    25 |    21 ||    60
  Throw: Boomerang         |       |       |       |     2 ||     2
   Cast: Ensorcelled Hiber |    13 |    14 |    61 |   102 ||   190
         Confusing Touch   |       |     4 |    13 |    13 ||    30
         Dazzling Flash    |       |       |       |     4 ||     4
         Tukima's Dance    |       |       |       |     1 ||     1
Ability: Lunge             |       |       |    20 |    36 ||    56
         Whirlwind         |       |       |     4 |     6 ||    10
    Use: Scroll            |     4 |     7 |    11 |       ||    22
         Potion            |       |       |       |     2 ||     2
   Stab: Sleeping          |    15 |    15 |    64 |    68 ||   162
         Confused          |       |     2 |    12 |    13 ||    27
         Invisible         |       |       |       |     1 ||     1
 Armour: Robe              |    44 |    28 |    43 |       ||   115
         Leather armour    |       |       |    90 |   139 ||   229
  Dodge: Dodged            |    60 |    33 |   220 |   232 ||   545
  Block: Buckler           |       |       |       |    29 ||    29

Table legend: (Time is in decaauts)
 A = Elapsed time spent in this place.
 B = Non-inter-level travel time spent in this place.
 C = Inter-level travel time spent in this place.
 D = Time resting spent in this place.
 E = Time spent auto-exploring this place.
 F = Levels seen in this place.
 G = Mean time per level.
                   A        B        C        D        E       F      G
               +--------+--------+--------+--------+--------+-----+--------+
         Total |  11933 |  11584 |    349 |   1676 |   7528 |  10 | 1193.3 |
       Dungeon |  11933 |  11584 |    349 |   1676 |   7528 |  10 | 1193.3 |
               +--------+--------+--------+--------+--------+-----+--------+

Top non-repeatable levels by time:
     D:9: 2873 daAuts
     D:4: 1295 daAuts
     D:8: 1268 daAuts
     D:7: 1232 daAuts
     D:2: 1213 daAuts
     D:6: 1150 daAuts
     D:1: 903 daAuts
     D:3: 802 daAuts
    D:10: 631 daAuts
     D:5: 561 daAuts
